 Dungeon Crawl Stone Soup version 0.28-a0-580-ga2639ab843 (webtiles) character file.

Game seed: 4331619864011559889

1289 flyleaff the Skirmisher (level 8, -3/65 HPs)
             Began as a Demonspawn Chaos Knight on Oct 2, 2021.
             Was a Plaything of Xom.
             Killed by nerve-wracking pain
             ... invoked by Menkaure
              (5 damage)
             ... on level 5 of the Dungeon.
             The game lasted 00:12:24 (4406 turns).

flyleaff the Skirmisher (Demonspawn Chaos Knight)   Turns: 4406, Time: 00:12:25

Health: -3/65      AC: 12    Str: 14    XL:     8   Next: 30%
Magic:  8/8        EV: 10    Int: 13    God:    Xom [......]
Gold:   185        SH:  8    Dex: 14    Spells: 3/7 levels left

rFire   . . .      SeeInvis .   a - +1 spear (chaos)
rCold   . . .      Faith    .   p - +0 buckler
rNeg    . . .      Spirit   .   b - +3 leather armour
rPois   .          Reflect  +   (helmet restricted)
rElec   .          Harm     .   h - +1 cloak
rCorr   .          Rampage  .   (no gloves)
Will    .....                   (no boots)
Stlth   +.........              c - amulet "Lyanei Tiff" {Reflect Slay+4 SH+5}
HPRegen 0.20/turn               (no ring)
MPRegen 0.22/turn               (no ring)

@: no status effects
A: horns 1, thin metallic scales 2, magic regeneration
a: Renounce Religion


You were on level 5 of the Dungeon.
You worshipped Xom.
You were a very special plaything of Xom.
You visited 1 branch of the dungeon, and saw 5 of its levels.

You collected 228 gold pieces.
You spent 43 gold pieces at shops.

Inventory:

Hand Weapons
 a - a +1 spear of chaos (weapon)
 m - a +0 trident
Missiles
 e - 4 boomerangs of dispersal
 g - 6 boomerangs
 j - 22 poisoned darts (quivered)
 k - 2 javelins
 n - 6 atropa-tipped darts
Armour
 b - a +3 leather armour (worn)
 h - a +1 cloak (worn)
 p - a +0 buckler (worn)
 q - a +0 helmet
Jewellery
 c - the amulet "Lyanei Tiff" (around neck) {Reflect Slay+4 SH+5}
   (You acquired it on level 1 of the Dungeon)

   [amulet of reflection]

   It reflects blocked missile attacks.
   Slay:      It affects your accuracy & damage with ranged weapons and melee
   (+4).
   SH:        It affects your SH (+5).
Scrolls
 d - a scroll of enchant armour
 f - a scroll of teleportation
 i - 6 scrolls of identify
Potions
 o - a potion of cancellation


   Skills:
 + Level 6.5 Fighting
 + Level 6.0 Polearms
 + Level 5.5 Armour
 - Level 0.8 Dodging


You had 3 spell levels left.
You knew the following spells:

 Your Spells              Type           Power      Damage    Failure   Level
a - Gell's Gravitas       Tloc           0%         N/A       88%         3
b - Shock                 Conj/Air       0%         1d3       54%         1

Your spell library contained the following spells:

 Spells                   Type           Power      Damage    Failure   Level
 Portal Projectile        Hex/Tloc       0%         N/A       88%         3
 Teleport Other           Tloc           0%         N/A       88%         3
 Dispersal                Tloc           0%         N/A       100%        6
 Invisibility             Hex            0%         N/A       100%        6
 Chain Lightning          Conj/Air       0%         N/A       100%        9


Dungeon Overview and Level Annotations

Branches:
Dungeon (5/15)
 Temple: D:4-7

Altars:
Makhleb
Okawaru
Ru
Xom
Zin

Shops:
D:5 (

Annotations:
D:5 Menkaure


Innate Abilities, Weirdness & Mutations

You have a pair of small horns on your head.
You are mostly covered in thin metallic scales. (AC +3)
You regenerate magic rapidly.


Message History

The black bear is almost dead.
The black bear closely misses you. x2; You block the black bear's attack.
You hit the black bear.
You kill the black bear!
Your Polearms skill increases to level 6!
No target in view!
No target in view!
Menkaure, Prince of Dust comes into view.
Menkaure gestures wildly while chanting.
Menkaure seems to speed up.
You reach to attack!
You hit Menkaure.
Menkaure is moderately damaged.
You hit Menkaure.
Menkaure seems to grow stronger.
Menkaure is heavily damaged.
You block Menkaure's attack.
You hit Menkaure but do no damage.
Menkaure is heavily damaged.
Menkaure hits you!!
You hit Menkaure.
Menkaure is severely damaged.
Menkaure blinks!
Menkaure casts a spell at you. Pain shoots through your body!
Menkaure barely misses you.
You hit Menkaure but do no damage.
Menkaure is severely damaged.
Menkaure hits you!!
* * * LOW HITPOINT WARNING * * *
You are too injured to fight recklessly!
You are too injured to fight recklessly!
You are too injured to fight recklessly!
You feel better. Menkaure hits you!!
* * * LOW HITPOINT WARNING * * *
Xom thinks this is hilarious!
You barely miss Menkaure.
Menkaure is severely damaged.
Menkaure points at you and mumbles some strange words.
Pain shoots through your body!
You die...
Xom titters!

### #.. #.#
#.# #M# #@#
#.# ##.#
#########.#.#
#........###.#
#.#######.# ##
#.# #.# #.# ##
#.###


You could see Menkaure (fast, strong).

Vanquished Creatures
  Sigmund (D:2)
  2 black bears
  An ice beast (D:5)
  2 ogres (D:5)
  A wyvern zombie (D:5)
  2 scorpions (D:4)
  2 jellies (D:5)
  3 orc priests
  A hound (D:4)
  A bullfrog skeleton (D:4)
  3 orc wizards
  Natasha (D:3)
  Terence (D:2)
  2 iguanas
  A hound zombie (D:5)
  A gnoll (D:1)
  3 adders
  12 orcs
  5 endoplasms
  6 giant cockroaches
  15 goblins
  5 hobgoblins
  4 jackals (D:2)
  4 quokkas
  6 ball pythons
  7 bats
  A frilled lizard (D:3)
  5 kobolds
  A quokka skeleton (D:4)
  4 rats
103 creatures vanquished.

Vanquished Creatures (collateral kills)
  A hobgoblin (D:3)
1 creature vanquished.

Vanquished Creatures (others)
  A kobold (D:3)
1 creature vanquished.

Grand Total: 105 creatures vanquished

Notes
Turn   | Place    | Note
-------+----------+-------------------------------------------
     0 | D:1      | flyleaff the Demonspawn Chaos Knight began the quest for
                  | the Orb.
     0 | D:1      | Reached XP level 1. HP: 18/18 MP: 1/1
    77 | D:1      | XOM: silly message
   226 | D:1      | XOM: silly message
   230 | D:1      | XOM: butterfly on damage
   237 | D:1      | Gained mutation: You are partially covered in thin metallic
                  | scales. (AC +2) [demonic ancestry]
   237 | D:1      | Reached XP level 2. HP: 20/24 MP: 2/2
   331 | D:1      | XOM: silly message
   496 | D:1      | Reached XP level 3. HP: 27/29 MP: 3/3
   552 | D:1      | Identified a scroll of acquirement
   552 | D:1      | Acquired the amulet "Lyanei Tiff" {Reflect Slay+4 SH+5}
   573 | D:1      | XOM: silly message
   824 | D:1      | Found a faded altar of an unknown god.
  1099 | D:2      | Noticed Sigmund
  1124 | D:2      | Killed Sigmund
  1125 | D:2      | Reached XP level 4. HP: 31/37 MP: 4/4
  1125 | D:2      | Gained mutation: You regenerate magic rapidly. [demonic
                  | ancestry]
  1125 | D:2      | Reached XP level 5. HP: 36/42 MP: 5/5
  1290 | D:2      | Noticed Terence
  1306 | D:2      | Killed Terence
  1646 | D:2      | XOM: scenery: create altars
  1753 | D:3      | XOM: scenery: 3 doors open
  2083 | D:3      | Gained mutation: You are mostly covered in thin metallic
                  | scales. (AC +3) [demonic ancestry]
  2083 | D:3      | Reached XP level 6. HP: 49/49 MP: 6/6
  2241 | D:3      | Noticed Natasha
  2260 | D:3      | Killed Natasha
  2261 | D:3      | Reached skill level 5 in Fighting
  2549 | D:3      | XOM: silly message
  2679 | D:4      | Noticed an angel
  2679 | D:4      | Found a shimmering altar of Xom.
  2734 | D:4      | Found a burning altar of Makhleb.
  2742 | D:4      | Reached XP level 7. HP: 56/56 MP: 7/7
  2792 | D:4      | Found an iron altar of Okawaru.
  2823 | D:4      | XOM: god gift: 37 gold pieces
  3327 | D:4      | XOM: enchant monster (bad)
  3346 | D:4      | Reached skill level 5 in Polearms
  3519 | D:4      | XOM: scenery: create altars
  3623 | D:4      | Learned a level 3 spell: Gell's Gravitas
  3644 | D:4      | Found a sacrificial altar of Ru.
  3697 | D:4      | XOM: cleaving
  3826 | D:5      | Entered Level 5 of the Dungeon
  3904 | D:5      | XOM: torment (30/57 hp)
  3913 | D:5      | Reached skill level 5 in Armour
  3916 | D:5      | Found Zien's Weapon Shop.
  4054 | D:5      | Bought 6 atropa-tipped darts for 43 gold pieces
  4243 | D:5      | Got the Grimoire of Hexes and the Birds
  4246 | D:5      | Learned a level 1 spell: Shock
  4272 | D:5      | XOM: 4-stop teleportation journey
  4306 | D:5      | Gained mutation: You have a pair of small horns on your
                  | head. [demonic ancestry]
  4306 | D:5      | Reached XP level 8. HP: 63/64 MP: 8/8
  4396 | D:5      | Noticed Menkaure
  4405 | D:5      | HP: 2/65 [Menkaure (22)]
  4406 | D:5      | Killed from afar by Menkaure

Illustrated notes

Levels and vault maps discovered:
D:1:      dpeg_arrival_leaves_temple_mockup, layout_loops_ring,
          dreamdust_ecumenical_altar_hidden_monk_grotto
D:2:      layout_basic, uniq_sigmund, uniq_terence
D:3:      layout_loops_corners, minmay_goblin_outpost, uniq_natasha
D:4:      layout_cave_pods, grunt_temple_overflow_order_and_chaos_1,
          mainiacjoe_overflow_paths, bloody_makhleb, nicolae_ru_path_of_blood
D:5:      layout_loops_ring, mainiacjoe_overflow_alcove_2, serial_shops, shop,
          uniq_menkaure

Skill      XL: |  1  2  3  4  5  6  7  8 |
---------------+-------------------------+-----
Armour         | 2 3 4 5 |  5.5
Polearms       | 3 4 5 6 |  6.0
Fighting       | 4 5 6 |  6.5
Dodging        | |  0.8

Action                   |  1- 3 |  4- 6 |  7- 9 || total
-------------------------+-------+-------+-------++-------
Melee: Spear             |   106 |   102 |   126 ||   334
       Headbutt          |       |       |     3 ||     3
  Use: Scroll            |     6 |     2 |     4 ||    12
       Potion            |       |       |     1 ||     1
 Stab: Paralysed         |     2 |       |     3 ||     5
       Sleeping          |     1 |     1 |     2 ||     4
Armor: Leather armour    |    27 |    31 |    37 ||    95
Dodge: Dodged            |    28 |    29 |    39 ||    96
Block: Other             |     2 |    14 |    16 ||    32
       Reflection        |       |     2 |       ||     2
       Buckler           |       |       |     9 ||     9

Table legend: (Time is in decaauts)
 A = Elapsed time spent in this place.
 B = Non-inter-level travel time spent in this place.
 C = Inter-level travel time spent in this place.
 D = Time resting spent in this place.
 E = Time spent auto-exploring this place.
 F = Levels seen in this place.
 G = Mean time per level.
                   A        B        C        D        E       F      G
               +--------+--------+--------+--------+--------+-----+--------+
         Total |   4370 |   4278 |     92 |      0 |   3510 |   5 |  874.0 |
       Dungeon |   4370 |   4278 |     92 |      0 |   3510 |   5 |  874.0 |
               +--------+--------+--------+--------+--------+-----+--------+

Top non-repeatable levels by time:
     D:4: 1136 daAuts
     D:1: 1001 daAuts
     D:3: 937 daAuts
     D:2: 724 daAuts
     D:5: 571 daAuts
